 Dungeon Crawl Stone Soup version 0.31-a0-865-g3d5d91748a (webtiles) character file.

Game seed: 15588801247259298996

65 ytrimaz the Sneak (level 4, -2/28 HPs)
             Began as an Octopode Shapeshifter on Oct 10, 2023.
             Slain by an orc
             ... wielding a +0 flail
              (9 damage)
             ... on level 4 of the Dungeon.
             The game lasted 00:01:59 (2089 turns).

ytrimaz the Sneak (Octopode Shapeshifter)           Turns: 2089, Time: 00:02:00

Health: -2/28      AC:  1    Str: 13    XL:     4   Next: 13%
Magic:  4/4        EV: 14    Int: 12    God:
Gold:   31         SH:  0    Dex: 13    Spells: 3/3 levels left

rFire   . .          .
                       - Unarmed
rCold   . . .        (no shield)
rNeg    . . .        (helmet currently unavailable)
rPois   .            (no amulet)
rElec   .            (no ring)
rCorr   .            (no ring)
SInv    .            (no ring)
Will    .....        (no ring)
Stlth   +++          (no ring)
HPRegen 0.24/turn    (no ring)
MPRegen 0.09/turn    (no ring)
                     (no ring)

%: no passive effects
@: beast-form
A: beast (slay +1), almost no armour, amphibious, 8 rings, camouflage 1,
gelatinous body 1, (nimble swimmer 1), tentacles
a: Begin Untransformation


You were on level 4 of the Dungeon.
You were a hulking beast.
You visited 1 branch of the dungeon, and saw 4 of its levels.

You collected 31 gold pieces.


Innate Abilities, Weirdness & Mutations

You are a hulking beast.
Your limbs bulge with bestial killing power. (Slay +1)
You cannot wear most types of armour.
You are amphibious.
You can wear up to eight rings at the same time.
Your skin changes colour to match your surroundings (Stealth+).
Your rubbery body absorbs attacks. (AC +1, EV +1)
((You are camouflaged when in or above water. (Stealth+)))
You have tentacles for arms and can constrict up to eight enemies at once.


   Skills:
 - Level 1.0 Fighting
 + Level 3.3 Dodging
 + Level 3.6 Stealth
 - Level 3.0 Unarmed Combat
 - Level 3.0 Shapeshifting


You had 3 spell levels left.
You didn't know any spells.
Your spell library was empty.

Inventory:

Missiles
 n - a throwing net
Jewellery
 l - a +6 ring of intelligence
   (You found it on level 3 of the Dungeon)
Talismans
 b - a beast talisman (active)
 c - a flux talisman
Scrolls
 d - a scroll of fog {unknown}
 e - 2 scrolls of amnesia {unknown}
 g - 2 scrolls of identify {unknown}
 i - 2 scrolls of teleportation {unknown}
 j - a scroll of poison {unknown}
 m - 2 scrolls of blinking {unknown}
Potions
 a - 3 potions of lignification
 f - a potion of invisibility {unknown}
 h - a potion of might {unknown}
 k - a potion of curing {unknown}
 o - 2 potions of haste {unknown}

Dungeon Overview and Level Annotations

Branches:
Dungeon (4/15) Zot: 21915
 Temple: D:4-7

Altars:
Gozag

#.# #.# #.# ### #.# #..
## #.# #.# .. #.# ######
#.# $# #.# #..... #.###.#
#.# #.....##h##.. #.#
#......#o##.# #.#
#....g.#o##.##########.#
....###.................#
. #....################
#...#... ...#>##### ## #


You could see 2 orcs.


Message History

Unknown command.
You tentacle-slap the worm.
You constrict the worm, but do no damage.
The worm bites you. 😕 HP[-5]
You take 5 damage, and now have 23/28 hp.
You completely miss the worm. You constrict the worm. You barely miss the worm.
You constrict the worm. The worm bites you. 😮 HP[-3]
You take 3 damage, and now have 20/28 hp.
You tentacle-slap the worm but do no damage.
You constrict the worm. 😮 HP[+1] Unknown command.
You bludgeon the worm!
You kill the worm!
You are too injured to fight recklessly!
An endoplasm comes into view.
Found a stone staircase leading up.
You see here a worm corpse. 😎 HP[+7]
Your hp is fully restored (28).
An endoplasm is nearby!
Unknown command.
An endoplasm is nearby!
The helpless endoplasm fails to defend itself.
You tentacle-slap the endoplasm. You squeeze the endoplasm.
The endoplasm freezes you.
You are frozen. 😕 HP[-3]
You take 3 damage, and now have 25/28 hp.
You tentacle-slap the endoplasm.
You kill the endoplasm! 😕 HP[+1] No target in view!
Unknown command.
You hear the slow hiss of a very distant avalanche of sand.
You see here a worm corpse.
Key pressed, stopping explore.
There is a stone staircase leading down here.
Key pressed, stopping explore.
You hear the slow hiss of a very distant avalanche of sand.
An orc comes into view. It is wielding a +0 flail.
The orc moves out of view. 😎 HP[+2]
Your hp is fully restored (28).
An orc wizard comes into view. It is wielding a +0 dagger.
An orc wizard is nearby!
An orc wizard is nearby!
Unknown command. 2 orcs come into view.
The orc shouts!
A hobgoblin comes into view.
The orc shouts!
Found a stone staircase leading down.
The orc shouts!
The hobgoblin shouts!
The orc wizard shouts!
Unknown command.
You tentacle-slap the orc. Your grab misses the orc.
Your squeeze misses the orc. The orc hits you with a +0 hand axe.
The orc misses you.
The orc wizard mumbles some strange words.
The orc wizard flickers and vanishes!
Deactivating autopickup; reactivate with Ctrl-A. 😕 HP[-6]
You take 6 damage, and now have 22/28 hp.
MASSIVE DAMAGE!! (PAUSE)
The orc attacks as it pursues you!
The orc hits you with a +0 short sword. 😮 HP[-4]
You take 4 damage, and now have 18/28 hp.
Unknown command.
The orc hits you with a +0 hand axe.
* * * LOW HITPOINT WARNING * * *
The orc attacks as it pursues you! The orc hits you with a +0 short sword.
* * * LOW HITPOINT WARNING * * *
You see here a wand of flame (18). 😨 HP[-8]
You take 8 damage, and now have 10/28 hp.
MASSIVE DAMAGE!! (PAUSE)
You tentacle-slap the orc. You grab the orc. You constrict the orc.
The orc closely misses you.
Unknown command.
You tentacle-slap the orc.
You kill the orc!
Unknown command.
Okay, then.
You closely miss the orc. You grab the orc.
You constrict the orc, but do no damage.
The orc misses you. 😨 HP[+1] Unknown command.
You tentacle-slap the orc.
You constrict the orc, but do no damage.
The orc hits you with a +0 flail.
* * * LOW HITPOINT WARNING * * *
😱 HP[-4]
You take 4 damage, and now have 7/28 hp.
You tentacle-slap the orc.
You constrict the orc, but do no damage.
The orc hits you with a +0 flail!
You die...

Skill      XL: |  1  2  3 |
---------------+----------+-----
Stealth        | 1 2 3 |  3.6
Dodging        | 3 |  3.3
Fighting       | |  1.0
Unarmed Combat | |  3.0
Shapeshifting  | |  3.0

Action                     |  1- 3 |  4- 6 || total
---------------------------+-------+-------++-------
  Melee: Unarmed           |    62 |    14 ||    76
         Constrict         |    13 |     3 ||    16
         Tentacles         |    10 |     1 ||    11
   Stab: Sleeping          |     7 |     2 ||     9
 Armour: Skin              |    22 |     8 ||    30
  Dodge: Dodged            |    34 |     3 ||    37

Levels and vault maps discovered:
D:1:      dpeg_arrival_lava_temple_mockup, layout_loops_ring,
          basic_ecumenical_altar, nrook_uturn, minmay_tree_intersection,
          st_stairs_4
D:2:      layout_basic, serial_glass, glass_columns_a, glass_columns_a,
          glass_columns_b, glass_columns_a, glass_columns_a, glass_columns_c,
          glass_columns_b, glass_columns_a, glass_columns_a, glass_columns_c
D:3:      layout_rooms, old_standard_altar
D:4:      layout_basic, grunt_temple_overflow_lords_of_destruction,
          serial_shops, nicolae_inconvenience_store,
          nicolae_ossuary_entry_ruins, uniq_duvessa

Notes
Turn   | Place    | Note
-------+----------+-------------------------------------------
     0 | D:1      | ytrimaz the Octopode Shapeshifter began the quest for the
                  | Orb.
     0 | D:1      | Reached XP level 1. HP: 13/13 MP: 1/1
     0 | D:1      | magus.rc [v1.9.6]
    49 | D:1      | Found a faded altar of an unknown god.
   210 | D:1      | Reached skill level 1 in Stealth
   287 | D:1      | Reached XP level 2. HP: 17/18 MP: 2/2
   982 | D:2      | Reached skill level 2 in Stealth
  1350 | D:3      | Found an opulent altar of Gozag.
  1374 | D:3      | HP: 4/18 [hobgoblin (3)]
  1378 | D:3      | Reached XP level 3. HP: 5/23 MP: 3/3
  1542 | D:3      | Reached skill level 3 in Dodging
  1542 | D:3      | Reached skill level 3 in Stealth
  1919 | D:4      | Reached XP level 4. HP: 28/28 MP: 4/4
  2088 | D:4      | HP: 7/28 [orc/+0 flail (4)]
  2089 | D:4      | Slain by an orc

Vanquished Creatures
  2 adders (D:3)
  2 worms
  An orc (D:4)
  2 ball pythons (D:1)
  5 endoplasms
  A giant cockroach (D:1)
  6 goblins
  5 hobgoblins
  2 jackals (D:2)
  4 quokkas
  2 bats
  3 rats
35 creatures vanquished.

Table legend:
 A = Non-vault XP
 B = Vault XP
 C = Vault XP percentage of total XP
 D = Non-vault monster count
 E = Vault monster count
 F = Vault count percentage of total count
                 A         B        C        D         E       F
            +---------+---------+-------+---------+---------+-------
      Total |      91 |       2 |   2.2 |      33 |       2 |   5.7
            +---------+---------+-------+---------+---------+-------
        D:1 |      13 |       2 |  13.3 |       7 |       2 |  22.2
        D:2 |      14 |       0 |   0.0 |       8 |       0 |   0.0
        D:3 |      52 |       0 |   0.0 |      14 |       0 |   0.0
        D:4 |      12 |       0 |   0.0 |       4 |       0 |   0.0
            +---------+---------+-------+---------+---------+-------

Skill      XL: |  1  2  3 |
---------------+----------+-----
Stealth        | 1 2 3 |  3.6
Dodging        | 3 |  3.3
Fighting       | |  1.0
Unarmed Combat | |  3.0
Shapeshifting  | |  3.0

Action                     |  1- 3 |  4- 6 || total
---------------------------+-------+-------++-------
  Melee: Unarmed           |    62 |    14 ||    76
         Constrict         |    13 |     3 ||    16
         Tentacles         |    10 |     1 ||    11
   Stab: Sleeping          |     7 |     2 ||     9
 Armour: Skin              |    22 |     8 ||    30
  Dodge: Dodged            |    34 |     3 ||    37

Illustrated notes

Table legend:
 A = Kills in this place as a percentage of kills in the entire game.
 B = Kills by you in this place as a percentage of kills by you in the entire game.
 C = Kills by friends in this place as a percentage of kills by friends in the entire game.
 D = Other kills in this place as a percentage of other kills in the entire game.
 E = Experience gained in this place as a percentage of experience gained in the entire game.
 F = Experience gained in this place divided by the number of levels of this place that you have seen.
                   A       B       C       D       E      F
               +-------+-------+-------+-------+-------+----------------------
         Total | 100.0 | 100.0 |   N/A |   N/A | 100.0 |  23.2
       Dungeon | 100.0 | 100.0 |   N/A |   N/A | 100.0 |  23.2
               +-------+-------+-------+-------+-------+----------------------

Table legend: (Time is in decaauts)
 A = Elapsed time spent in this place.
 B = Non-inter-level travel time spent in this place.
 C = Inter-level travel time spent in this place.
 D = Time resting spent in this place.
 E = Time spent auto-exploring this place.
 F = Levels seen in this place.
 G = Mean time per level.
                   A        B        C        D        E       F      G
               +--------+--------+--------+--------+--------+-----+--------+
         Total |   2084 |   1995 |     89 |      0 |   1711 |   4 |  521.0 |
       Dungeon |   2084 |   1995 |     89 |      0 |   1711 |   4 |  521.0 |
               +--------+--------+--------+--------+--------+-----+--------+

Top non-repeatable levels by time:
     D:1: 810 daAuts
     D:3: 563 daAuts
     D:2: 535 daAuts
     D:4: 174 daAuts
